Map: Gresvan LE

Players

A.I. 2 (Elite)

  • Race: Terran Terran
  • Spawn Location: 11:00

ZoRo - Winner!

  • Race: Zerg Zerg
  • League: Master
  • Spawn Location: 5:00

VOD

Have the link to the VOD?

Description

Time

  • Played on: June 16, 2023, 5:04 p.m.
  • Length: 5:55
Show
View Real Time Build Order
Export as new Build Order

A.I. 2 (Elite) Terran 

Build Orders: Command Center First 

Get SALT Encoding   

  12  0:00  SCV  
  13  0:13  SCV  
  14  0:18  Supply Depot  
  14  0:25  SCV  
  15  0:39  SCV  
  16  0:51  SCV  
  17  1:02  Command Center  
  17  1:12  Barracks  
  17  1:13  SCV  
  18  1:25  SCV  
  19  1:46  Supply Depot  
  19  1:50  Refinery  
  19  1:51  SCV  
  20  1:59  Marine  
  21  2:03  Orbital Command  
  21  2:10  Barracks  
  21  2:14  SCV  
  22  2:17  Marine  
  22  2:18  Refinery  
  23  2:26  SCV  
  24  2:35  Marine  
  24  2:36  Supply Depot  
  25  2:38  SCV  
  26  2:45  Orbital Command  
  26  2:51  SCV  
  26  2:53  Marine  
  26  2:57  Marine  
  29  3:00  Factory  
  29  3:03  SCV  
  30  3:10  Marine  
  30  3:11  SCV  
  32  3:14  Marine  
  32  3:15  SCV  
  34  3:23  SCV  
  35  3:27  SCV  
  35  3:28  Marine  
  35  3:30  Barracks  
  35  3:32  Marine  
  38  3:35  SCV  
  38  3:40  SCV  
  40  3:45  Factory Tech Lab  
  40  3:46  Starport  
  40  3:47  Barracks Tech Lab  
  40  3:48  SCV  
  41  3:51  Barracks Tech Lab  
  41  3:52  SCV  
  42  4:00  SCV  
  43  4:04  SCV  
  43  4:05  Marine  
  43  4:07  Stimpack  
  43  4:09  Supply Depot, Combat Shield, Marine  
  46  4:13  SCV  
  46  4:16  SCV  
  48  4:17  Marine  
  48  4:23  Marine  
  50  4:25  SCV  
  50  4:27  Marine  
  50  4:28  SCV  
  50  4:29  Supply Depot  
  50  4:31  Medivac  
  55  4:38  SCV  
  56  4:40  SCV  
  56  4:42  Supply Depot, Marine  
  56  4:44  Marine  
  59  4:51  SCV, Marine  
  59  4:52  SCV, Siege Tank  
  65  4:54  Supply Depot  
  65  5:00  Engineering Bay  
  65  5:02  Marauder  
  65  5:03  Engineering Bay  
  65  5:05  SCV  
  67  5:08  Refinery, SCV  
  67  5:09  Marauder  
  67  5:12  Marine  
  59  5:17  SCV  
  59  5:20  SCV  
  59  5:21  Refinery  
  60  5:24  Marauder  
  50  5:29  SCV, Marine  
  50  5:30  Marine  
  50  5:32  SCV  
  39  5:41  SCV  
Show
View Real Time Build Order
Export as new Build Order

ZoRo Zerg - Winner!

Build Orders: Hatch First 

Get SALT Encoding   

  12  0:02  Drone  
  13  0:12  Overlord  
  13  0:18  Drone  
  14  0:31  Drone x2  
  16  0:50  Hatchery  
  16  0:52  Drone  
  16  0:55  Drone  
  17  0:58  Drone  
  18  1:09  Extractor  
  17  1:15  Spawning Pool  
  17  1:17  Drone  
  17  1:21  Drone  
  18  1:28  Drone  
  19  1:39  Drone  
  20  1:49  Overlord  
  20  2:01  Queen x2  
  20  2:02  Zergling x4  
  26  2:11  Drone  
  27  2:21  Hatchery  
  26  2:23  Drone  
  26  2:28  Drone  
  26  2:29  Drone  
  29  2:37  Queen  
  29  2:42  Overlord  
  31  2:46  Metabolic Boost  
  31  2:50  Drone  
  32  2:53  Drone  
  32  2:54  Drone  
  32  2:57  Drone  
  35  3:00  Drone  
  35  3:04  Drone  
  37  3:07  Drone  
  37  3:08  Drone  
  37  3:09  Drone  
  37  3:11  Drone  
  41  3:16  Extractor  
  41  3:18  Drone  
  41  3:22  Roach Warren  
  40  3:30  Overlord x2  
  40  3:33  Overlord  
  40  4:03  Roach x6  
  40  4:04  Roach x3  
  40  4:09  Roach  
  60  4:13  Roach  
  62  4:19  Roach  
  62  4:20  Zergling x10  
  62  4:23  Overlord  
  69  4:27  Overlord  
  69  4:33  Zergling x6  
  69  4:37  Zergling x4  
  74  4:41  Zergling x4  
  74  4:44  Zergling x2  
  77  4:45  Zergling x2  
  76  4:55  Ravager  
  76  4:56  Ravager  
  76  4:59  Ravager  
  79  5:00  Zergling x2  
  79  5:01  Zergling x10  
  79  5:02  Zergling x2  
  86  5:09  Zergling x2  
  86  5:13  Zergling x2  
  86  5:14  Zergling x8  
  86  5:18  Zergling x4  
  86  5:20  Zergling x2  
  89  5:25  Overlord  
  88  5:34  Zergling x10  
  88  5:36  Zergling x2  
Tags
 
Add a new tag
Caveats
  • Supply blocks, unpowered buildings, or Contaminate may cause inaccurate times.
  • Supply counts are checked every 10 seconds.